 Dungeon Crawl Stone Soup version 0.25-b1-46-gb8a1ec05df (webtiles) character file.

Game seed: 13166881285767490339

1705 Froggeryz the Skirmisher (level 9, -4/72 HPs)
             Began as a Gnoll Wanderer on June 10, 2020.
             Was a Follower of Okawaru.
             Killed by divine providence
             ... invoked by an orc priest
              (12 damage)
             ... on level 6 of the Dungeon.
             The game lasted 00:14:42 (6546 turns).

Froggeryz the Skirmisher (Gnoll Wanderer)           Turns: 6546, Time: 00:14:42

Health: -4/72      AC: 13    Str: 16    XL:     9   Next: 3%
Magic:  14/14      EV: 13    Int: 15    God:    Okawaru [*.....]
Gold:   403        SH:  0    Dex: 16    Spells: 15/15 levels left

rFire    + . .     SeeInvis .   p - +0 falchion (curse)
rCold    + . .     Gourm    .   (no shield)
rNeg     . . .     Faith    .   c - +2 scale mail
rPois    .         Spirit   .   (no helmet)
rElec    .         Reflect  .   e - scarf {rC+ rF+}
rCorr    .         Harm     .   i - +0 pair of gloves
MR       .....                  o - +2 pair of boots
Stlth    +.........             (no amulet)
HPRegen  0.22/turn              (no ring)
MPRegen  0.14/turn              (no ring)

@: no status effects
A: distributed training, fangs 1, strong nose
a: Heroism, Renounce Religion


You were on level 6 of the Dungeon.
You worshipped Okawaru.
Okawaru was aware of your devotion.
You were hungry.

You visited 2 branches of the dungeon, and saw 7 of its levels.
You also visited: Sewer.

You collected 403 gold pieces.

Inventory:

Hand Weapons
 a - a +2 whip of flaming
 j - a +1 flail
 k - a +3 quarterstaff of chaos
 l - a +0 falchion of holy wrath
 p - a cursed +0 falchion (weapon)
Missiles
 s - 30 poisoned darts (quivered)
Armour
 c - a +2 scale mail (worn)
 e - a scarf of resistance (worn)
 i - a +0 pair of gloves (worn)
 o - a +2 pair of boots (worn)
Scrolls
 f - 4 scrolls of identify
 m - 3 scrolls of teleportation
 q - a scroll of immolation
Potions
 b - a potion of lignification
 h - 2 potions of curing
 n - 4 potions of flight
 r - a potion of magic
 t - 2 potions of haste
Comestibles
 d - 9 rations
 g - a chunk of flesh


   Skills:
 + Level 7.6 Fighting
 + Level 3.7 Short Blades
 + Level 3.7 Long Blades
 + Level 3.7 Axes
 + Level 3.7 Maces & Flails
 + Level 3.7 Polearms
 + Level 3.7 Staves
 + Level 3.7 Slings
 + Level 3.7 Bows
 + Level 3.7 Crossbows
 + Level 3.7 Throwing
 + Level 4.6 Armour
 + Level 6.0 Dodging
 + Level 4.4 Stealth
 + Level 4.6 Shields
 + Level 6.0 Unarmed Combat
 + Level 3.7 Spellcasting
 + Level 3.0 Conjurations
 + Level 3.0 Hexes
 + Level 3.0 Charms
 + Level 3.0 Summonings
 + Level 3.0 Necromancy
 + Level 3.0 Translocations
 + Level 3.0 Transmutations
 + Level 3.0 Fire Magic
 + Level 3.0 Ice Magic
 + Level 3.0 Air Magic
 + Level 3.0 Earth Magic
 + Level 3.0 Poison Magic
 + Level 4.1 Invocations
 + Level 3.7 Evocations


You had 15 spell levels left.
You didn't know any spells.
Your spell library was empty.

Dungeon Overview and Level Annotations

Branches:
Dungeon (6/15)             Temple (1/1) D:6           Sewer (visited)

Altars:
Ashenzari
Cheibriados
Dithmenos
Elyvilon
Fedhas
Gozag
Makhleb
Nemelex Xobeh
Okawaru
Qazlal
Ru
Sif Muna
Trog
Uskayaw
Vehumet
Wu Jian
Yredelemnul
Zin
The Shining One

Shops:
D:5 =

Annotations:
D:5 3 runed translucent doors, Alannah's ghost, novice DsGl


Innate Abilities, Weirdness & Mutations

Your experience applies equally to all skills.
You have very sharp teeth.
Your uncanny sense of smell can sniff out nearby items.


Message History

The orc priest is moderately wounded.
The orc warrior hits you with a +0 long sword!
The orc priest closely misses you.
You riposte.
You barely miss the orc priest.
The orc priest is moderately wounded.
Unknown command.
You hit the orc priest but do no damage.
The orc priest is moderately wounded.
The orc warrior hits you with a +0 long sword!
* * * LOW HITPOINT WARNING * * *
The orc priest hits you with a +0 hand axe.
* * * LOW HITPOINT WARNING * * *
Unknown command.
The orc priest calls down the wrath of Beogh upon you.
Beogh smites you!
* * * LOW HITPOINT WARNING * * *
You feel better.
The orc warrior hits you but does no damage.
The orc priest invokes the aid of Beogh against you.
Beogh smites you!
You die...

### ## ##.## ### #.#
##.#.## ....# ##.#.###
##.###.### #..
.......###.##.....# #..
##..o...#.#.#.# ###
##.o#.#.#...##.#
#.{o#o#.##.###.#
#.#[.#.@....# #.##### #
#..###.#### #.....#
!......### #####.#
.####.....########.####
#. #..........(....>...
# #....≈.....##.......
#..≈≈≈≈≈.≈.##.#.....
#####≈#≈#≈≈...#..###
#≈≈≈≈÷≈≈≈≈####..#


You could see an orc warrior and an orc priest.

Vanquished Creatures
  Pikel (D:6)
  Grinder (D:5)
  A necrophage (D:6)
  A slave (D:6)
  2 ogres (D:5)
  A bullfrog (D:6)
  A scorpion (D:4)
  A crimson imp (D:6)
  A hound (D:5)
  An orc priest (D:6)
  Crazy Yiuf (D:3)
  Jessica (D:3)
  2 iguanas
  4 worker ants
  Ijyb (D:3)
  A merfolk siren (Sewer)
  A merfolk avatar (Sewer)
  3 gnolls
  12 adders
  3 river rats
  A shadow imp (D:5)
  2 oozes
  4 worms
  4 dart slugs
  5 leopard geckos
  4 orcs
  10 giant cockroaches
  12 goblins
  6 hobgoblins
  15 jackals
  A quokka (D:3)
  6 ball pythons
  9 bats
  11 frilled lizards
  6 kobolds
  38 rats
174 creatures vanquished.

Vanquished Creatures (others)
  An adder (D:6)
1 creature vanquished.

Grand Total: 175 creatures vanquished

Notes
Turn   | Place    | Note
-------+----------+-------------------------------------------
     0 | D:1      | Froggeryz the Gnoll Wanderer began the quest for the Orb.
     0 | D:1      | Froggeryz set off with the following items: a +0 dagger, 2
                  | potions of lignification, a +2 scale mail, a ration
     0 | D:1      | Reached XP level 1. HP: 23/23 MP: 1/1
   185 | D:1      | Reached XP level 2. HP: 27/29 MP: 2/2
   523 | D:1      | Reached XP level 3. HP: 29/35 MP: 3/3
   955 | D:2      | Reached skill level 1 in Invocations
  1142 | D:2      | Reached skill level 1 in Short Blades
  1142 | D:2      | Reached skill level 1 in Long Blades
  1142 | D:2      | Reached skill level 1 in Axes
  1142 | D:2      | Reached skill level 1 in Maces & Flails
  1142 | D:2      | Reached skill level 1 in Polearms
  1142 | D:2      | Reached skill level 1 in Staves
  1142 | D:2      | Reached skill level 1 in Slings
  1142 | D:2      | Reached skill level 1 in Bows
  1142 | D:2      | Reached skill level 1 in Crossbows
  1142 | D:2      | Reached skill level 1 in Throwing
  1142 | D:2      | Reached skill level 1 in Spellcasting
  1142 | D:2      | Reached skill level 1 in Evocations
  1228 | D:2      | Reached XP level 4. HP: 28/41 MP: 5/5
  2027 | D:3      | Noticed Jessica
  2053 | D:2      | Reached skill level 1 in Conjurations
  2053 | D:2      | Reached skill level 1 in Hexes
  2053 | D:2      | Reached skill level 1 in Charms
  2053 | D:2      | Reached skill level 1 in Summonings
  2053 | D:2      | Reached skill level 1 in Necromancy
  2053 | D:2      | Reached skill level 1 in Translocations
  2053 | D:2      | Reached skill level 1 in Transmutations
  2053 | D:2      | Reached skill level 1 in Fire Magic
  2053 | D:2      | Reached skill level 1 in Ice Magic
  2053 | D:2      | Reached skill level 1 in Air Magic
  2053 | D:2      | Reached skill level 1 in Earth Magic
  2053 | D:2      | Reached skill level 1 in Poison Magic
  2206 | D:3      | Killed Jessica
  2206 | D:3      | Reached XP level 5. HP: 45/47 MP: 6/6
  2458 | D:3      | Noticed Ijyb
  2574 | D:3      | Killed Ijyb
  3083 | D:3      | Found a runed translucent door.
  3084 | D:3      | Noticed Crazy Yiuf
  3107 | D:3      | Killed Crazy Yiuf
  3107 | D:3      | Reached XP level 6. HP: 11/53 MP: 8/8
  3744 | D:4      | Found a hide-covered altar of Uskayaw.
  3955 | D:4      | Reached skill level 5 in Dodging
  3955 | D:4      | Reached skill level 5 in Unarmed Combat
  4213 | D:5      | Entered Level 5 of the Dungeon
  4220 | D:5      | Reached XP level 7. HP: 59/59 MP: 10/10
  4417 | D:5      | Reached skill level 7 in Fighting
  4565 | D:5      | Found a runed translucent gate.
  4566 | D:5      | Found a runed translucent gate.
  4568 | D:5      | Found a runed translucent gate.
  4569 | D:5      | Noticed Alannah's ghost (novice DsGl)
  4580 | D:5      | Found Arolue's Jewellery Shoppe.
  4583 | D:5      | Noticed Grinder
  4709 | D:5      | Killed Grinder
  5175 | D:5      | Reached XP level 8. HP: 57/67 MP: 12/12
  5323 | D:6      | Found a staircase to the Ecumenical Temple.
  5333 | Temple   | Entered the Ecumenical Temple
  5338 | Temple   | Became a worshipper of Warmaster Okawaru
  5386 | D:6      | Found an ornate altar of the Wu Jian Council.
  5407 | D:6      | Found a white marble altar of Elyvilon.
  5500 | D:6      | Found a shimmering blue altar of Sif Muna.
  5637 | D:6      | Noticed Pikel
  5712 | D:6      | Paralysed by Pikel for 5 turns
  5721 | D:6      | Paralysed by Pikel for 6 turns
  5730 | D:6      | Paralysed by Pikel for 6 turns
  5745 | D:6      | Killed Pikel
  5745 | D:6      | Reached * piety under Okawaru
  5784 | D:6      | Found a glowing drain.
  5789 | Sewer    | Entered a sewer
  6201 | Sewer    | Reached XP level 9. HP: 66/72 MP: 14/14
  6545 | D:6      | HP: 2/72 [orc priest/divine providence (11)]
  6546 | D:6      | Killed from afar by an orc priest

Illustrated notes

Levels and vault maps discovered:
D:1:      dpeg_arrival_rooms_with_view, layout_loops_ring
D:2:      layout_basic
D:3:      layout_rooms, first_ration, wander_ebering_terrifying_dragon_lair,
          uniq_jessica, uniq_crazy_yiuf_cottage, uniq_ijyb
D:4:      layout_loops_ring, eat_drink_and_be_merry_uskayaw
D:5:      layout_loops_ring, gammafunk_ghost_necromancy, serial_shops, shop,
          minmay_misc_feat_rugged, uniq_grinder
D:6:      layout_loops_cross, overflow_temple_1_default,
          kiku_gazebo_pond_becter, kennysheep_mini, marbit_many_paths,
          minmay_temple_entry_mist, lightli_sewer_entry_pipes, uniq_duvessa,
          uniq_pikel
Temple:   minmay_freezing_vapour_temple

Skill      XL: |  1  2  3  4  5  6  7  8  9 |
---------------+----------------------------+-----
Invocations    | 1 2 3 4 |  4.1
Short Blades   | 1 2 3 |  3.7
Long Blades    | 1 2 3 |  3.7
Axes           | 1 2 3 |  3.7
Maces & Flails | 1 2 3 |  3.7
Polearms       | 1 2 3 |  3.7
Staves         | 1 2 3 |  3.7
Slings         | 1 2 3 |  3.7
Bows           | 1 2 3 |  3.7
Crossbows      | 1 2 3 |  3.7
Throwing       | 1 2 3 |  3.7
Spellcasting   | 1 2 3 |  3.7
Evocations     | 1 2 3 |  3.7
Conjurations   | 1 2 3 |  3.0
Hexes          | 1 2 3 |  3.0
Charms         | 1 2 3 |  3.0
Summonings     | 1 2 3 |  3.0
Necromancy     | 1 2 3 |  3.0
Translocations | 1 2 3 |  3.0
Transmutations | 1 2 3 |  3.0
Fire Magic     | 1 2 3 |  3.0
Ice Magic      | 1 2 3 |  3.0
Air Magic      | 1 2 3 |  3.0
Earth Magic    | 1 2 3 |  3.0
Poison Magic   | 1 2 3 |  3.0
Armour         | 3 4 |  4.6
Shields        | 3 4 |  4.6
Stealth        | 3 4 |  4.4
Dodging        | 5 6 |  6.0
Unarmed Combat | 5 6 |  6.0
Fighting       | 7 |  7.6

Action                   |  1- 3 |  4- 6 |  7- 9 || total
-------------------------+-------+-------+-------++-------
Melee: Dagger            |    74 |       |       ||    74
       Bite              |    21 |    37 |    32 ||    90
       Mace              |    96 |   118 |       ||   214
       Punch             |     1 |     1 |     5 ||     7
       Flail             |       |   128 |   152 ||   280
       Whip              |       |       |   126 ||   126
       Quarterstaff      |       |       |    27 ||    27
       Falchion          |       |       |    16 ||    16
Throw: Dart              |       |     5 |    14 ||    19
Evoke: Wand              |       |       |     2 ||     2
  Use: Scroll            |       |    12 |     2 ||    14
       Potion            |       |     7 |     3 ||    10
 Stab: Sleeping          |       |       |     1 ||     1
  Eat: Chunk             |     1 |    10 |     8 ||    19
Armor: Scale mail        |    90 |   173 |   158 ||   421
       Skin              |       |       |    15 ||    15
Dodge: Dodged            |   120 |   199 |   212 ||   531
       Rpst.: Falchion   |       |       |     5 ||     5
